Map: Dusk Towers

Players

Snute

  • Race: Zerg Zerg

herO - Winner!

  • Race: Protoss Protoss

Event: IEM Season 10 - Taipei

VOD

Have the link to the VOD?

Description

Time

  • Played on: Feb. 1, 2016, 12:07 a.m.
  • Length: 10:27

All games in this series

Show
View Real Time Build Order
Export as new Build Order

Snute Zerg 

Build Orders: 3 Hatch before Pool 

Get SALT Encoding   

  12  0:00  Drone  
  13  0:12  Overlord  
  13  0:17  Drone  
  14  0:30  Drone x2  
  14  0:33  Drone  
  17  0:51  Hatchery  
  17  0:54  Drone  
  17  0:57  Drone  
  18  1:17  Hatchery  
  17  1:29  Spawning Pool  
  17  1:32  Drone  
  17  1:35  Drone  
  17  1:38  Drone  
  19  1:43  Drone  
  20  1:53  Drone  
  21  2:03  Drone  
  21  2:04  Overlord  
  22  2:14  Drone  
  22  2:15  Drone  
  24  2:16  Queen x2  
  28  2:24  Drone  
  28  2:26  Zergling x2  
  28  2:29  Drone  
  31  2:32  Queen  
  31  2:36  Overlord  
  33  2:37  Drone  
  33  2:40  Drone  
  35  2:47  Drone x2  
  37  2:52  Queen  
  37  2:55  Overlord  
  37  2:56  Zergling x2  
  41  2:58  Zergling x2  
  41  3:01  Zergling x2  
  42  3:07  Queen  
  42  3:08  Drone  
  42  3:10  Drone  
  42  3:12  Drone  
  47  3:20  Drone x2  
  47  3:23  Drone x2  
  47  3:25  Drone x3  
  47  3:26  Extractor x2  
  52  3:27  Overlord  
  52  3:31  Drone x2  
  52  3:32  Drone  
  54  3:36  Overlord  
  54  3:41  Drone x2  
  54  3:42  Drone  
  54  3:46  Spore Crawler  
  54  3:47  Drone x2  
  59  3:48  Drone  
  59  3:51  Overlord  
  59  3:54  Drone  
  61  3:55  Roach Warren  
  61  3:58  Drone x2  
  61  4:00  Drone  
  63  4:03  Drone  
  63  4:04  Drone x2  
  63  4:05  Drone  
  63  4:07  Drone  
  63  4:12  Drone x2  
  63  4:14  Drone  
  64  4:18  Drone  
  64  4:19  Lair  
  64  4:22  Drone  
  64  4:23  Spore Crawler  
  65  4:26  Drone  
  65  4:28  Drone x3  
  65  4:29  Drone  
  65  4:31  Drone  
  71  4:33  Extractor  
  71  4:34  Drone x2  
  71  4:35  Drone  
  71  4:37  Metabolic Boost  
  73  4:44  Drone x4  
  73  4:45  Drone  
  76  4:46  Drone  
  76  4:49  Drone  
  77  4:55  Queen x2, Extractor  
  77  4:56  Overlord  
  77  4:58  Spore Crawler  
  79  5:03  Overlord x2  
  77  5:10  Spore Crawler  
  76  5:16  Roach x6  
  76  5:20  Overlord x2  
  76  5:21  Glial Reconstitution  
  88  5:29  Roach x5  
  88  5:32  Extractor  
  97  5:35  Overlord  
  97  5:40  Queen  
  100  5:50  Overlord  
  100  5:51  Roach x4  
  100  5:55  Hatchery  
  107  5:59  Nydus Network  
  106  6:10  Roach x5  
  106  6:11  Queen, Roach  
  120  6:20  Queen x2  
  120  6:21  Overlord  
  124  6:26  Overlord x2  
  122  6:41  Ravager x4  
  122  6:42  Zergling x2  
  122  6:43  Zergling x6  
  122  6:46  Queen  
  130  6:53  Zergling x8  
  130  6:54  Zergling x18  
  145  7:01  Zergling x2  
  146  7:03  Overlord x3  
  146  7:18  Zergling x2  
  146  7:19  Zergling x10  
  150  7:27  Ravager x2  
  150  7:28  Ravager x5  
  150  7:29  Zergling x2  
  158  7:30  Zergling x16  
  158  7:31  Queen x3  
  158  7:32  Queen  
  158  7:37  Nydus Canal  
  168  7:45  Ravager  
  168  7:46  Zergling x14  
  168  7:47  Overlord x2  
  176  7:51  Overlord  
  176  7:57  Nydus Canal  
  160  8:10  Zergling x2  
  160  8:11  Zergling x20  
  156  8:13  Ravager x3  
  156  8:16  Drone  
  160  8:20  Extractor  
  160  8:23  Evolution Chamber x2  
  152  8:28  Drone x5  
  153  8:38  Drone  
  153  8:39  Drone x4  
  155  8:42  Drone  
  154  8:48  Infestation Pit  
  154  8:53  Zergling x6  
  154  8:54  Zergling x8  
  155  9:03  Drone x2  
  155  9:04  Drone  
  155  9:05  Drone x2  
  155  9:08  Extractor  
  159  9:13  Roach x2  
  159  9:16  Extractor  
  160  9:18  Extractor  
  160  9:19  Roach  
  160  9:20  Roach x5  
  171  9:24  Zergling x2  
  168  9:34  Roach  
  168  9:35  Roach x3  
  175  9:40  Zergling x2  
  175  9:41  Zergling x12  
  179  9:47  Roach x9  
  170  10:00  Roach  
  170  10:01  Roach x3  
  170  10:06  Zergling x6  
Show
View Real Time Build Order
Export as new Build Order

herO Protoss - Winner!

Build Orders: Nexus First, Oracle Opening 

Get SALT Encoding   

  12  0:00  Probe (Chrono Boost)  
  13  0:11  Probe (Chrono Boost)  
  14  0:17  Pylon  
  14  0:21  Probe (Chrono Boost)  
  15  0:50  Nexus  
  15  1:01  Gateway  
  15  1:05  Probe (Chrono Boost)  
  16  1:12  Assimilator  
  16  1:15  Probe (Chrono Boost)  
  17  1:22  Assimilator  
  17  1:26  Probe (Chrono Boost)  
  18  1:36  Probe (Chrono Boost)  
  20  1:47  Probe (Chrono Boost)  
  20  1:48  Cybernetics Core  
  22  1:57  Probe (Chrono Boost)  
  23  2:02  Probe (Chrono Boost)  
  23  2:08  Probe (Chrono Boost)  
  25  2:13  Probe (Chrono Boost)  
  24  2:18  Probe (Chrono Boost)  
  24  2:22  Probe (Chrono Boost)  
  25  2:24  Adept (Chrono Boost)  
  25  2:25  Stargate  
  25  2:27  Warp Gate  
  25  2:29  Probe  
  29  2:32  Probe  
  30  2:42  Pylon, Probe (Chrono Boost)  
  30  2:44  Probe (Chrono Boost)  
  31  2:48  Adept  
  34  2:53  Probe (Chrono Boost)  
  34  2:55  Probe (Chrono Boost)  
  34  2:58  Pylon  
  36  3:04  Probe x2 (Chrono Boost)  
  38  3:08  Oracle (Chrono Boost)  
  41  3:14  Probe  
  41  3:15  Probe  
  43  3:26  Probe  
  43  3:29  Probe  
  43  3:33  Nexus  
  45  3:35  Pylon  
  45  3:39  Probe  
  45  3:41  Probe  
  47  3:44  Oracle (Chrono Boost)  
  50  3:49  Probe  
  50  3:53  Mothership Core  
  51  3:57  Gateway  
  51  4:00  Gateway  
  51  4:01  Probe  
  52  4:14  Probe (Chrono Boost)  
  52  4:15  Probe (Chrono Boost)  
  52  4:16  Assimilator x2  
  54  4:17  Pylon  
  54  4:21  Pylon  
  54  4:24  Void Ray  
  54  4:27  Probe (Chrono Boost)  
  54  4:28  Probe (Chrono Boost)  
  60  4:37  Probe (Chrono Boost)  
  62  4:38  Probe (Chrono Boost)  
  62  4:46  Probe (Chrono Boost)  
  62  4:48  Twilight Council, Probe (Chrono Boost)  
  62  4:49  Probe (Chrono Boost)  
  62  4:50  Forge  
  65  4:57  Probe (Chrono Boost)  
  65  4:58  Robotics Facility, Probe (Chrono Boost)  
  65  4:59  Probe (Chrono Boost)  
  68  5:09  Probe (Chrono Boost)  
  68  5:10  Probe x2 (Chrono Boost), Protoss Ground Weapons Level 1  
  71  5:14  Blink (Chrono Boost), Gateway  
  71  5:15  Gateway  
  71  5:18  Gateway  
  71  5:20  Probe x3 (Chrono Boost)  
  74  5:30  Assimilator  
  74  5:31  Assimilator  
  74  5:35  Probe  
  74  5:36  Probe x2  
  74  5:40  Sentry x3  
  81  5:43  Gateway  
  81  5:45  Gateway  
  81  5:48  Warp Prism (Chrono Boost)  
  83  5:53  Probe x2  
  83  5:54  Probe  
  86  5:58  Pylon  
  86  6:00  Pylon  
  86  6:04  Stalker x2  
  86  6:09  Stalker  
  92  6:13  Probe  
  93  6:19  Pylon  
  93  6:21  Observer (Chrono Boost)  
  93  6:22  Stalker x2  
  98  6:27  Stalker  
  98  6:28  Stalker  
  102  6:34  Pylon  
  106  6:40  Immortal (Chrono Boost)  
  106  6:46  Stalker x5  
  116  6:48  Pylon  
  116  6:50  Pylon  
  116  7:00  Robotics Bay  
  116  7:05  Robotics Facility  
  116  7:14  Immortal (Chrono Boost)  
  120  7:18  Stalker  
  120  7:19  Stalker x4  
  120  7:22  Pylon  
  127  7:30  Stalker x2  
  127  7:33  Pylon  
  127  7:35  Pylon  
  131  7:46  Sentry x2  
  131  7:47  Adept x3  
  131  7:48  Pylon  
  131  7:50  Pylon  
  140  7:51  Pylon  
  140  7:53  Pylon  
  140  7:59  Pylon  
  140  8:01  Pylon  
  140  8:06  Disruptor x2 (Chrono Boost)  
  140  8:10  Stalker x5  
  148  8:14  Stalker x2  
  152  8:21  Gateway  
  152  8:37  Disruptor x2 (Chrono Boost)  
  158  8:55  Pylon  
  158  8:59  Stalker x4  
  158  9:00  Stalker x3  
  170  9:04  Nexus  
  170  9:10  Pylon x2  
  170  9:15  Disruptor x2 (Chrono Boost)  
  176  9:23  Pylon  
  176  9:35  Adept x7  
  176  9:36  Zealot  
  168  10:19  Stalker x3  
  168  10:20  Stalker x3  
  168  10:21  Stalker x2  

Tags
 
Add a new tag
Caveats
  • Supply blocks, unpowered buildings, or Contaminate may cause inaccurate times.
  • Supply counts are checked every 10 seconds.